 Dungeon Crawl Stone Soup version 0.24.1-14-gf8d2b509d9 (webtiles) character file.

Game seed: 16730332186606686999, levelgen mode: deterministic

586 Hugehornet the Insei (level 7, -3/70 HPs)
             Began as an Octopode Transmuter on May 17, 2020.
             Slain by a phantom (6 damage)
             ... on level 4 of the Dungeon.
             The game lasted 00:08:18 (5528 turns).

Hugehornet the Insei (Octopode Transmuter)          Turns: 5528, Time: 00:08:19

Health: -3/70      AC: 24    Str:  9    XL:     7   Next: 37%
Magic:  11/11      EV:  2    Int: 23    God:
Gold:   148        SH:  0    Dex: 12    Spells: 2/12 levels left

rFire    . . .     SeeInvis .     - Unarmed
rCold    . . .     Gourm    .   (no shield)
rNeg     + + +     Faith    .   (helmet currently unavailable)
rPois    +         Spirit   .   (no amulet)
rElec    .         Reflect  .   w - +1 ring of protection
rCorr    .         Harm     .   f - +5 ring of intelligence
MR       .....     NoTele   +   (no ring)
Stlth    +.........             (no ring)
HPRegen  0.00/turn              (no ring)
MPRegen  0.12/turn              (no ring)
                                (no ring)
                                (no ring)

@: tree-form
A: almost no armour, stealthy swim, (amphibious), 8 rings, (constrict 8), robust
1, inhibited regeneration
a: no special abilities


You were on level 4 of the Dungeon.
You were hungry.
You were a tree.
You visited 1 branch of the dungeon, and saw 4 of its levels.

You collected 148 gold pieces.

Inventory:

Missiles
 a - 29 arrows
Armour
 d - a +2 hat (melded)
Jewellery
 f - a +5 ring of intelligence (right branch)
 r - an uncursed amulet of harm
 w - a +1 ring of protection (left branch)
Wands
 h - a wand of digging (5)
 u - a wand of paralysis (7)
Scrolls
 b - a scroll of enchant armour {unknown}
 e - 2 scrolls of magic mapping {unknown}
 g - a scroll of fog {unknown}
 j - 3 scrolls of remove curse
 k - a scroll of blinking {unknown}
 m - a scroll of teleportation
 n - a scroll of enchant weapon {unknown}
 q - a scroll of identify {unknown}
 s - a scroll of fear {unknown}
 t - a scroll of noise {unknown}
Potions
 i - a potion of might {unknown}
 l - a potion of heal wounds {unknown}
 o - a potion of haste {unknown}
Comestibles
 c - 8 rations


   Skills:
 - Level 1.0 Fighting
 - Level 2.0 Dodging
 - Level 5.4 Unarmed Combat
 - Level 3.1 Spellcasting
 + Level 5.0 Transmutations
 - Level 3.1 Poison Magic


You had 2 spell levels left.
You knew the following spells:

 Your Spells              Type           Power        Failure   Level  Hunger
a - Beastly Appendage     Tmut           ####..       1%          1    None
b - Sticks to Snakes      Tmut           ####....     2%          2    ##.....
c - Spider Form           Tmut/Pois      ###.......   6%          3    ###....
d - Ice Form              Ice/Tmut       ###.....     36%         4    ####...

Your spell library contained the following spells:

 Spells                   Type           Power        Failure   Level  Hunger
 Blade Hands              Tmut           ####......   36%         5    ######.


Dungeon Overview and Level Annotations

Branches:
Dungeon (4/15)
 Temple: D:4-7

Altars:


Innate Abilities, Weirdness & Mutations

You cannot wear most types of armour.
You are very stealthy in the water. (Stealth+)
((You are amphibious.))
You can wear up to eight rings at the same time.
((You can use your tentacles to constrict eight enemies at once.))
((Your skin changes colour to match your surroundings (Stealth+).))
((Your rubbery body absorbs attacks. (AC +1, EV +1)))
You are robust. (+10% HP)
You do not regenerate when monsters are visible.


Message History

You closely miss the phantom.
The phantom is heavily damaged.
You feel less wooden.
Your +2 hat unmelds from your body.
The phantom hits you.
* * * LOW HITPOINT WARNING * * *
Really quaff the potion of lignification?
You turn into a tree.
Your +2 hat melds into your body.
Your roots penetrate the ground.
The phantom blinks!
You barely miss the phantom.
The phantom is heavily damaged.
You hit the phantom.
The phantom is heavily damaged.
The phantom barely misses you.
You smack the phantom!
The phantom is almost destroyed.
The phantom hits you but does no damage.
You completely miss the phantom.
The phantom is almost destroyed.
The phantom hits you.
You die...

..##≈≈#≈≈≈≈≈≈≈≈##....#..#
......≈#≈≈≈≈≈....>##....#
####.##≈≈.≈≈##.######...#
#####...##### ##### #
#..## # #..###### # ##.
....### ##### ##
#...#.....# .## ##..♣.$.#
..###### ##.###W..#
.....).## ##.## #..#
..####..###.## #..#
#..###...#.## #..#
##.........# #..#
######....#### #..
#........# .. #..###..##


You could see a phantom.

Vanquished Creatures
  Grinder (D:4)
  An orc wizard (D:4)
  An orc priest (D:4)
  A bullfrog skeleton (D:2)
  Ijyb (D:4)
  Natasha (thrice) (D:2)
  A worker ant (D:4)
  Robin (D:4)
  3 adders
  2 oozes
  4 worms
  9 dart slugs
  3 leopard geckos
  6 orcs (D:4)
  A ball python (D:2)
  5 giant cockroaches
  8 hobgoblins
  6 jackals
  2 quokkas
  6 bats
  7 frilled lizards
  12 goblins
  A kobold (D:1)
  A quokka skeleton (D:4)
  12 rats
98 creatures vanquished.

Notes
Turn   | Place    | Note
-------+----------+-------------------------------------------
     0 | D:1      | Hugehornet the Octopode Transmuter began the quest for the
                  | Orb.
     0 | D:1      | Reached XP level 1. HP: 13/13 MP: 3/3
   372 | D:1      | Reached XP level 2. HP: 16/18 MP: 3/5
   632 | D:1      | Learned a level 2 spell: Sticks to Snakes
  1070 | D:1      | Reached XP level 3. HP: 15/23 MP: 3/6
  1075 | D:1      | Learned a level 3 spell: Spider Form
  1471 | D:2      | Reached skill level 1 in Poison Magic
  1888 | D:2      | Reached XP level 4. HP: 9/28 MP: 7/7
  2410 | D:2      | Noticed Natasha
  2414 | D:2      | Killed Natasha
  2471 | D:2      | Reached XP level 5. HP: 33/33 MP: 6/8
  2703 | D:2      | Noticed Natasha
  2708 | D:2      | Killed Natasha
  2727 | D:2      | Noticed Natasha
  2731 | D:2      | Killed Natasha
  3194 | D:3      | Reached skill level 5 in Unarmed Combat
  4179 | D:4      | Noticed Ijyb
  4191 | D:4      | Killed Ijyb
  4191 | D:4      | Reached XP level 6. HP: 34/38 MP: 5/9
  4746 | D:4      | Learned a level 4 spell: Ice Form
  5170 | D:4      | Noticed Robin
  5188 | D:4      | Killed Robin
  5487 | D:4      | Noticed Grinder
  5489 | D:4      | Noticed a phantom
  5490 | D:4      | Paralysed by Grinder for 2 turns
  5497 | D:4      | Gained mutation: You do not regenerate when monsters are
                  | visible. [potion of mutation]
  5497 | D:4      | Gained mutation: You are robust. (+10% HP) [potion of
                  | mutation]
  5505 | D:4      | HP: 3/61 [Grinder (1)]
  5506 | D:4      | HP: 1/61 [Grinder (2)]
  5507 | D:4      | Killed Grinder
  5507 | D:4      | Reached skill level 5 in Transmutations
  5507 | D:4      | Reached XP level 7. HP: 1/47 MP: 9/11
  5520 | D:4      | HP: 2/47 [phantom (1)]
  5528 | D:4      | Slain by a phantom

Levels and vault maps discovered:
D:1:      minmay_arrival_three_doors, layout_loops_ring, minmay_split_cup_small
D:2:      layout_basic, first_ration, uniq_natasha
D:3:      layout_basic
D:4:      kennysheep_slugbush, layout_layer_cave, uniq_robin, uniq_grinder,
          uniq_ijyb

Skill      XL: |  1  2  3  4  5  6 |
---------------+-------------------+-----
Transmutations | 3 5 |  5.0
Poison Magic   | 3 |  3.1
Unarmed Combat | 4 5 |  5.4
Spellcasting   | 3 |  3.1
Fighting       | |  1.0
Dodging        | |  2.0

Action                   |  1- 3 |  4- 6 |  7- 9 || total
-------------------------+-------+-------+-------++-------
Melee: Unarmed           |    92 |   149 |     8 ||   249
       Constrict         |    24 |    30 |       ||    54
       Kick              |    10 |    24 |       ||    34
       Tentacles         |    13 |    14 |       ||    27
       Punch             |       |     3 |     1 ||     4
 Cast: Beastly Appendage |    19 |    31 |       ||    50
       Spider Form       |       |     8 |       ||     8
 Abil: End Transformatio |       |     1 |       ||     1
  Use: Scroll            |     1 |     1 |       ||     2
       Potion            |     3 |     2 |     2 ||     7
 Stab: Sleeping          |     1 |     4 |       ||     5
  Eat: Chunk             |     3 |     9 |       ||    12
       Ration            |       |     1 |       ||     1
Armor: Skin              |    16 |    20 |     2 ||    38
Dodge: Dodged            |    52 |    71 |     1 ||   124
